NCAA
OKLAHOMA STATE COWBOYS @ NORTH CAROLINA TAR HEELS
05/17/2023
 
TOP OF THE 1ST
Oklahoma State Cowboys batting - Pitching for North Carolina Tar Heels : LHP Rob Price
Pitching: LHP Rob Price
Batting: RHB Mark Hart 0-0: Ball
1-0: Swinging Strike
1-1: SINGLE (Groundball, 5D)
Batting: RHB Mike Johnson 0-0: Called Strike
0-1: Ball
1-1: Ball
2-1: Foul Ball, location: 2F
2-2: Strikes out looking
Batting: RHB Roberto García 0-0: Called Strike
0-1: Called Strike
0-2: Ball
1-2: Ball
2-2: Strikes out swinging
Batting: RHB Jack Hollon 0-0: Ball
1-0: Foul Ball, location: 2F
1-1: Called Strike
1-2: Foul Ball, location: 2F
1-2: Strikes out looking
Top of the 1st over - 0 run(s), 1 hit(s), 0 error(s), 1 left on base; Oklahoma State 0 - North Carolina 0
BOTTOM OF THE 1ST
North Carolina Tar Heels batting - Pitching for Oklahoma State Cowboys : RHP Albert Fisher
Pitching: RHP Albert Fisher
Batting: RHB Mike Shelton 0-0: Ball
1-0: Foul Ball, location: 2F
1-1: Foul Ball, location: 2F
1-2: Ball
2-2: Ball
3-2: Base on Balls
Batting: LHB Cliff David 0-0: Called Strike
Mike Shelton steals 2nd base
0-1: Foul Ball, location: 2F
0-2: Ball
1-2: Ball
2-2: Foul Ball, location: 2F
2-2: Foul Ball, location: 2F
2-2: Ball
3-2: Foul Ball, location: 2F
3-2: Fly out, F7 (Flyball, 7M)
Batting: LHB Vaughn Carter 0-0: Foul Ball, location: 2F
0-1: Swinging Strike
0-2: Ball
1-2: Foul Ball, location: 2F
1-2: Foul Ball, location: 2F
1-2: Ball
2-2: Strikes out swinging
Batting: RHB Russell Thomas 0-0: Ball
1-0: Ground out 6-3 (Groundball, 6)
Bottom of the 1st over - 0 run(s), 0 hit(s), 0 error(s), 1 left on base; Oklahoma State 0 - North Carolina 0
TOP OF THE 2ND
Oklahoma State Cowboys batting - Pitching for North Carolina Tar Heels : LHP Rob Price
Batting: RHB Earl Conrad 0-0: Foul Ball, location: 2F
0-1: Foul Ball, location: 2F
0-2: Ball
1-2: Ball
2-2: Ball
3-2: Fly out, F6 (Popup, 6MD)
Batting: LHB Kent Fremantle 0-0: Ball
1-0: Foul Ball, location: 2F
1-1: Called Strike
1-2: Foul Ball, location: 2F
1-2: Foul Ball, location: 2F
1-2: Strikes out swinging
Batting: RHB Mark McCullough 0-0: Fly out, F9 (Flyball, 9M)
Top of the 2nd over - 0 run(s), 0 hit(s), 0 error(s), 0 left on base; Oklahoma State 0 - North Carolina 0
BOTTOM OF THE 2ND
North Carolina Tar Heels batting - Pitching for Oklahoma State Cowboys : RHP Albert Fisher
Batting: LHB Dan Hamilton 0-0: Fly out, F8 (Flyball, 8RM)
Batting: RHB Miguel Mendoza 0-0: Fly out, F8 (Flyball, 8RD)
Batting: SHB Richard Griffin 0-0: Ball
1-0: Ball
2-0: Ball
3-0: Base on Balls
Batting: LHB Dan Chandler 0-0: Foul Ball, location: 2F
0-1: Ball
1-1: Fly out, F8 (Flyball, 8LM)
Bottom of the 2nd over - 0 run(s), 0 hit(s), 0 error(s), 1 left on base; Oklahoma State 0 - North Carolina 0
TOP OF THE 3RD
Oklahoma State Cowboys batting - Pitching for North Carolina Tar Heels : LHP Rob Price
Batting: RHB Earnest Maldonado 0-0: Ball
1-0: Ball
2-0: Ball
3-0: Foul Ball, location: 2F
3-1: Base on Balls
Batting: SHB Von Smith 0-0: Grounds into double play, U6-3 (Groundball, 6)
Batting: RHB Mark Hart 0-0: Foul Ball, location: 2F
0-1: DOUBLE (Flyball, 78M)
Batting: RHB Mike Johnson 0-0: Ball
1-0: Ball
2-0: Fly out, F8 (Flyball, 8RM)
Top of the 3rd over - 0 run(s), 1 hit(s), 0 error(s), 1 left on base; Oklahoma State 0 - North Carolina 0
BOTTOM OF THE 3RD
North Carolina Tar Heels batting - Pitching for Oklahoma State Cowboys : RHP Albert Fisher
Batting: LHB Owen Moreno 0-0: Ball
1-0: Ball
2-0: Ball
3-0: Base on Balls
Batting: RHB Mike Shelton 0-0: Ball
1-0: Ball
2-0: SINGLE (Groundball, 5D)
Owen Moreno to second
Batting: LHB Cliff David 0-0: Fly out, F3 (Line Drive, 34S)
Batting: LHB Vaughn Carter 0-0: Called Strike
Owen Moreno steals 3rd base
Mike Shelton to second
0-1: Ball
1-1: Ball
2-1: Foul Ball, location: 2F
2-2: SINGLE (Groundball, 3S) (infield hit)
Owen Moreno scores
Mike Shelton to third
Batting: RHB Russell Thomas 0-0: Ball
1-0: Ball
2-0: Ball
3-0: Called Strike
3-1: Base on Balls
Vaughn Carter to second
Batting: LHB Dan Hamilton 0-0: Ball
1-0: Called Strike
1-1: Foul Ball, location: 2F
1-2: Fly out, F4 (Line Drive, 4)
Batting: RHB Miguel Mendoza 0-0: Ball
1-0: Ball
2-0: Called Strike
2-1: Ball
3-1: SINGLE (Groundball, 4MD)
Mike Shelton scores
Vaughn Carter to third
Russell Thomas to second
Runner from 3rd tries for Home, SAFE, throw made at trailing runner, SAFE at third!
Batting: SHB Richard Griffin 0-0: Ball
1-0: Called Strike
1-1: Ball
2-1: Foul Ball, location: 2F
2-2: Foul Ball, location: 2F
2-2: Strikes out swinging
Bottom of the 3rd over - 3 run(s), 3 hit(s), 0 error(s), 2 left on base; Oklahoma State 0 - North Carolina 3
TOP OF THE 4TH
Oklahoma State Cowboys batting - Pitching for North Carolina Tar Heels : LHP Rob Price
Batting: RHB Roberto García 0-0: Called Strike
0-1: Called Strike
0-2: Foul Ball, location: 2F
0-2: Ball
1-2: Strikes out swinging
Batting: RHB Jack Hollon 0-0: Called Strike
0-1: Foul Ball, location: 2F
0-2: Strikes out swinging
Batting: RHB Earl Conrad 0-0: Ball
1-0: Ball
2-0: Called Strike
2-1: Foul Ball, location: 2F
2-2: Ball
3-2: Strikes out swinging
Top of the 4th over - 0 run(s), 0 hit(s), 0 error(s), 0 left on base; Oklahoma State 0 - North Carolina 3
BOTTOM OF THE 4TH
North Carolina Tar Heels batting - Pitching for Oklahoma State Cowboys : RHP Albert Fisher
Batting: LHB Dan Chandler 0-0: Called Strike
0-1: Ball
1-1: Foul Ball, location: 2F
1-2: Strikes out swinging
Batting: LHB Owen Moreno 0-0: Ball
1-0: Ball
2-0: Ball
3-0: Called Strike
3-1: Ground out 5-3 (Groundball, 56S)
Batting: RHB Mike Shelton 0-0: Called Strike
0-1: SINGLE (Groundball, 6MD) (infield hit)
Batting: LHB Cliff David 0-0: Swinging Strike
0-1: Ball
1-1: Called Strike
1-2: SINGLE (Line Drive, 34D)
Mike Shelton to second
Pitching: RHP Dan Johnson
Batting: LHB Vaughn Carter 0-0: Ball
1-0: Foul Ball, location: 2F
1-1: Ball
2-1: Swinging Strike
2-2: Fly out, F5 (Popup, 5S)
Bottom of the 4th over - 0 run(s), 2 hit(s), 0 error(s), 2 left on base; Oklahoma State 0 - North Carolina 3
TOP OF THE 5TH
Oklahoma State Cowboys batting - Pitching for North Carolina Tar Heels : LHP Rob Price
Batting: LHB Kent Fremantle 0-0: Called Strike
0-1: Ball
1-1: Ball
2-1: Ground out 5-3 (Groundball, 56)
Batting: RHB Mark McCullough 0-0: Ball
1-0: Called Strike
1-1: Foul Ball, location: 2F
1-2: Foul Ball, location: 2F
1-2: Ball
2-2: Ground out 2-3 (Groundball, 2R)
Batting: RHB Earnest Maldonado 0-0: Ball
1-0: Foul Ball, location: 2F
1-1: Ball
2-1: Swinging Strike
2-2: Strikes out swinging
Top of the 5th over - 0 run(s), 0 hit(s), 0 error(s), 0 left on base; Oklahoma State 0 - North Carolina 3
BOTTOM OF THE 5TH
North Carolina Tar Heels batting - Pitching for Oklahoma State Cowboys : RHP Dan Johnson
Batting: RHB Russell Thomas 0-0: Swinging Strike
0-1: Ball
1-1: Ball
2-1: Foul Ball, location: 2F
2-2: Foul Ball, location: 2F
2-2: Ball
3-2: Base on Balls
Batting: LHB Dan Hamilton 0-0: Ball
1-0: Ball
2-0: Called Strike
2-1: Ball
3-1: Base on Balls
Russell Thomas to second
Batting: RHB Miguel Mendoza 0-0: Ball
1-0: Swinging Strike
1-1: DOUBLE (Line Drive, 7LM)
Russell Thomas scores
Dan Hamilton to third
Runner from 3rd tries for Home, SAFE, no throw or cutoff
Batting: SHB Richard Griffin 0-0: Ball
1-0: Called Strike
1-1: Ball
2-1: DOUBLE (Flyball, 9LM)
Miguel Mendoza scores
Batting: LHB Dan Chandler 0-0: Called Strike
0-1: Fly out, F4 (Popup, 4D)
Batting: LHB Owen Moreno 0-0: Ball
1-0: Ball
2-0: Called Strike
2-1: Swinging Strike
2-2: Ball
3-2: Base on Balls
Batting: RHB Mike Shelton 0-0: Called Strike
0-1: Called Strike
0-2: Ball
1-2: SINGLE (Flyball, 89S)
Richard Griffin to third
Owen Moreno to second
Batting: LHB Cliff David 0-0: Called Strike
0-1: Ball
1-1: Called Strike
1-2: Foul Ball, location: 2F
1-2: Strikes out swinging
Batting: LHB Vaughn Carter 0-0: Swinging Strike
0-1: Foul Ball, location: 2F
0-2: Foul Ball, location: 2F
0-2: Ball
1-2: Foul Ball, location: 2F
1-2: Foul Ball, location: 2F
1-2: Fly out, F9 (Flyball, 9S)
Bottom of the 5th over - 3 run(s), 3 hit(s), 0 error(s), 3 left on base; Oklahoma State 0 - North Carolina 6
TOP OF THE 6TH
Oklahoma State Cowboys batting - Pitching for North Carolina Tar Heels : LHP Rob Price
Batting: SHB Von Smith 0-0: Ground out 5-3 (Groundball, 56)
Batting: RHB Mark Hart 0-0: SINGLE (Flyball, 8RS)
Batting: RHB Mike Johnson 0-0: Swinging Strike
0-1: Swinging Strike
0-2: Strikes out swinging
Batting: RHB Roberto García 0-0: Called Strike
0-1: Foul Ball, location: 2F
0-2: Ball
1-2: Ball
2-2: Foul Ball, location: 2F
2-2: Fly out, F7 (Flyball, 7D)
Top of the 6th over - 0 run(s), 1 hit(s), 0 error(s), 1 left on base; Oklahoma State 0 - North Carolina 6
BOTTOM OF THE 6TH
North Carolina Tar Heels batting - Pitching for Oklahoma State Cowboys : RHP Dan Johnson
Pitching: RHP Christian Pittman
Batting: RHB Russell Thomas 0-0: Ball
1-0: Ball
2-0: Swinging Strike
2-1: Foul Ball, location: 2F
2-2: Foul Ball, location: 2F
2-2: Ball
3-2: Base on Balls
Batting: LHB Dan Hamilton 0-0: Fielders Choice at 2nd, 4-6 (Groundball, 34)
Batting: RHB Miguel Mendoza 0-0: Foul Ball, location: 2F
0-1: Fly out, F3 (Popup, 3SF)
Batting: SHB Richard Griffin 0-0: Ball
1-0: Called Strike
1-1: Hit by Pitch
Dan Hamilton to second
Batting: LHB Dan Chandler 0-0: Ball
1-0: Ball
2-0: Called Strike
2-1: Ball
3-1: SINGLE (Groundball, 3D)
Dan Hamilton to third
Richard Griffin to second
Runner from 3rd tries for Home, SAFE, no throw or cutoff
Batting: LHB Owen Moreno 0-0: Foul Ball, location: 2F
0-1: Fly out, F7 (Line Drive, 78M)
Bottom of the 6th over - 1 run(s), 1 hit(s), 0 error(s), 2 left on base; Oklahoma State 0 - North Carolina 7
TOP OF THE 7TH
Oklahoma State Cowboys batting - Pitching for North Carolina Tar Heels : LHP Rob Price
Pitching: RHP Juan Serrano
Batting: RHB Jack Hollon 0-0: Ball
1-0: Called Strike
1-1: SOLO HOME RUN (Flyball, 8RXD), Distance : 383 ft
Batting: RHB Earl Conrad 0-0: Called Strike
0-1: SINGLE (Flyball, 4MD)
Batting: LHB Kent Fremantle 0-0: Called Strike
0-1: Fielders Choice at 2nd, 3-6 (Groundball, 3)
Batting: RHB Mark McCullough 0-0: Called Strike
0-1: Ball
1-1: Called Strike
1-2: Ball
2-2: Ball
3-2: DOUBLE (Line Drive, 7LM)
Kent Fremantle to third
Batting: RHB Earnest Maldonado 0-0: Ball
1-0: Called Strike
1-1: Ball
2-1: Ball
3-1: Base on Balls
Batting: SHB Von Smith 0-0: Ball
1-0: Foul Ball, location: 2F
1-1: Foul Ball, location: 2F
1-2: Foul Ball, location: 2F
1-2: GRAND SLAM HOME RUN (Line Drive, 7LD), Distance : 317 ft
Pitching: LHP Jeff Graham
Batting: RHB Mark Hart 0-0: Swinging Strike
0-1: Ball
1-1: Ball
2-1: Swinging Strike
2-2: Ball
3-2: Strikes out swinging
Batting: RHB Mike Johnson 0-0: Foul Ball, location: 2F
0-1: Foul Ball, location: 2F
0-2: Strikes out swinging
Top of the 7th over - 5 run(s), 4 hit(s), 0 error(s), 0 left on base; Oklahoma State 5 - North Carolina 7
BOTTOM OF THE 7TH
North Carolina Tar Heels batting - Pitching for Oklahoma State Cowboys : RHP Christian Pittman
Batting: RHB Mike Shelton 0-0: Called Strike
0-1: Ball
1-1: Called Strike
1-2: Strikes out looking
Batting: LHB Cliff David 0-0: Ball
1-0: Foul Ball, location: 2F
1-1: Foul Ball, location: 2F
1-2: Strikes out swinging
Batting: LHB Vaughn Carter 0-0: SINGLE (Groundball, 3L)
Batting: RHB Russell Thomas 0-0: Called Strike
0-1: Called Strike
0-2: Ball
1-2: Strikes out swinging
Bottom of the 7th over - 0 run(s), 1 hit(s), 0 error(s), 1 left on base; Oklahoma State 5 - North Carolina 7
TOP OF THE 8TH
Oklahoma State Cowboys batting - Pitching for North Carolina Tar Heels : LHP Jeff Graham
Batting: RHB Roberto García 0-0: Called Strike
0-1: Foul Ball, location: 2F
0-2: Ball
1-2: Ball
2-2: Foul Ball, location: 2F
2-2: Foul Ball, location: 2F
2-2: Ball
3-2: Fly out, F9 (Line Drive, 9D)
Batting: RHB Jack Hollon 0-0: Called Strike
0-1: Called Strike
0-2: Ball
1-2: Ground out 5-3 (Groundball, 5S)
Batting: RHB Earl Conrad 0-0: Foul Ball, location: 2F
0-1: Called Strike
0-2: Foul Ball, location: 2F
0-2: Fly out, F4 (Popup, 4S)
Top of the 8th over - 0 run(s), 0 hit(s), 0 error(s), 0 left on base; Oklahoma State 5 - North Carolina 7
BOTTOM OF THE 8TH
North Carolina Tar Heels batting - Pitching for Oklahoma State Cowboys : RHP Christian Pittman
Pitching: RHP Rod Pittman
Batting: LHB Dan Hamilton 0-0: Ball
1-0: Ball
2-0: Called Strike
2-1: Ball
3-1: Base on Balls
Batting: RHB Miguel Mendoza 0-0: Ball
1-0: Sac Bunt - play at first, batter OUT! 1-3
Dan Hamilton to second
Batting: SHB Richard Griffin 0-0: Intentional Walk
Batting: LHB Dan Chandler 0-0: Called Strike
0-1: Foul Ball, location: 2F
0-2: Ball
1-2: Fly out, F7 (Flyball, 78M)
Pinch Hitting: LHB Matt McCray 0-0: Ball
1-0: Ball
2-0: Called Strike
2-1: Ball
3-1: Base on Balls
Dan Hamilton to third
Richard Griffin to second
Batting: RHB Mike Shelton 0-0: Ball
1-0: Ball
2-0: Ball
3-0: Called Strike
3-1: Base on Balls
Dan Hamilton scores
Richard Griffin to third
Matt McCray to second
Batting: LHB Cliff David 0-0: Ball
1-0: Ball
2-0: Ball
3-0: Foul Ball, location: 2F
3-1: Called Strike
3-2: Strikes out looking
Bottom of the 8th over - 1 run(s), 0 hit(s), 0 error(s), 3 left on base; Oklahoma State 5 - North Carolina 8
TOP OF THE 9TH
Oklahoma State Cowboys batting - Pitching for North Carolina Tar Heels : LHP Jeff Graham
Pitching: RHP Spencer Farley
Now in CF: Frederick Curtis
Batting: LHB Kent Fremantle 0-0: Foul Ball, location: 2F
0-1: Swinging Strike
0-2: Strikes out swinging
Batting: RHB Mark McCullough 0-0: Fly out, F8 (Flyball, 78D)
Batting: RHB Earnest Maldonado 0-0: Called Strike
0-1: Ball
1-1: Ball
2-1: SINGLE (Line Drive, 3)
Batting: SHB Von Smith 0-0: Ground out 4-3 (Groundball, 4)
Top of the 9th over - 0 run(s), 1 hit(s), 0 error(s), 1 left on base; Oklahoma State 5 - North Carolina 8
This league is powered by Out of the Park Baseball, the baseball management simulation game for PC, Mac and Linux
Wednesday, December 2nd, 2015 - OOTP Baseball 16.8 Build 38